 Dungeon Crawl Stone Soup version 0.30-a0-377-g5cb311bc9f (webtiles) character file.

Game seed: 1646044465302628078

886 Notrik the Cleaver (level 7, 0/63 HPs)
             Began as a Minotaur Fighter on Nov 28, 2022.
             Slain by a scorpion (4 damage)
             ... on level 5 of the Dungeon.
             The game lasted 00:07:08 (3105 turns).

Notrik the Cleaver (Minotaur Fighter)               Turns: 3105, Time: 00:07:08

Health: 0/63       AC:  9    Str: 29    XL:     7   Next: 76%
Magic:  6/6        EV:  8    Int:  5    God:
Gold:   152        SH:  8    Dex:  9    Spells: 6/6 levels left

rFire   . . .      SeeInvis .    a - +0 war axe
rCold   . . .      Faith    .    q - +0 kite shield
rNeg    . . .      Spirit   .    b - +0 scale mail
rPois   .          Reflect  .    (helmet restricted)
rElec   .          Harm     .    (no cloak)
rCorr   .          Rampage  .    s - +1 Delatra's gloves {ID++}
Will    .....                    (no boots)
Stlth   ..........               (no amulet)
HPRegen 0.30/turn                l - +6 ring of strength
MPRegen 0.10/turn                (no ring)

@: lethally poisoned (0 -> -19)
A: horns 2, retaliatory headbutt
a: no special abilities


You were on level 5 of the Dungeon.
You visited 1 branch of the dungeon, and saw 5 of its levels.

You collected 256 gold pieces.
You spent 104 gold pieces at shops.

Inventory:

Hand Weapons
 a - a +0 war axe (weapon)
Armour
 b - a +0 scale mail (worn)
 c - a +0 buckler
 q - a +0 kite shield (worn)
 s - the +1 Delatra's gloves (worn) {ID++}
   (You found it on level 3 of the Dungeon)

   It heals its wearer when they drink unknown potions.
   It restores its wearer's MP when they read unknown scrolls.
Jewellery
 k - a ring of wizardry
 l - a +6 ring of strength (left hand)
 u - a ring of magical power
 v - an amulet of magic regeneration
Wands
 C - a wand of flame (24)
Scrolls
 e - a scroll of vulnerability {unknown}
 f - 5 scrolls of identify {unknown}
 h - 3 scrolls of teleportation {unknown}
 j - a scroll of torment {unknown}
 m - a scroll of silence {unknown}
 n - a scroll of fog {unknown}
 p - 2 scrolls of amnesia {unknown}
 t - a scroll of enchant weapon {unknown}
 y - a scroll of magic mapping {unknown}
 A - a scroll of enchant armour {unknown}
 B - a scroll of immolation {unknown}
Potions
 d - 2 potions of might
 g - 3 potions of berserk rage {unknown}
 i - 2 potions of haste {unknown}
 o - 3 potions of resistance {unknown}
 r - 2 potions of curing
 w - 2 potions of heal wounds
 x - 2 potions of attraction {unknown}
 z - 2 potions of invisibility {unknown}


   Skills:
 + Level 6.2 Fighting
 + Level 8.6 Axes
 - Level 3.9 Armour
 + Level 5.4 Shields


You had 6 spell levels left.
You didn't know any spells.
Your spell library was empty.

Dungeon Overview and Level Annotations

Branches:
Dungeon (5/15)
 Temple: D:4-7

Altars:
Gozag

Shops:
D:4 !

Annotations:
D:3 Sigmund


Innate Abilities, Weirdness & Mutations

You have a pair of horns on your head.
You reflexively headbutt those who attack you in melee.


Message History

You are too injured to fight recklessly!
You are too injured to fight recklessly!
You are too injured to fight recklessly!
You are too injured to fight recklessly!
You are too injured to fight recklessly!
You are too injured to fight recklessly!
You are too injured to fight recklessly!
You are too injured to fight recklessly!
You are too injured to fight recklessly!
You are too injured to fight recklessly!
You are too injured to fight recklessly!
You are too injured to fight recklessly!
You are too injured to fight recklessly!
You are too injured to fight recklessly!
You are too injured to fight recklessly!
You are too injured to fight recklessly!
You are too injured to fight recklessly!
You are too injured to fight recklessly!
You are too injured to fight recklessly!
You are too injured to fight recklessly!
You are too injured to fight recklessly!
You are too injured to fight recklessly!
The killer bee attacks as you move away!
The killer bee stings you.
The black bear attacks as you move away!
The black bear closely misses you. x2; You block the black bear's attack.
You feel very sick. The killer bee completely misses you.
The scorpion stings you.
* * * LOW HITPOINT WARNING * * *
You are lethally poisoned!
The scorpion poisons you! The killer bee barely misses you.
You furiously retaliate!
You headbutt the killer bee. The killer bee stings you!
* * * LOW HITPOINT WARNING * * *
The killer bee attacks as you move away!
The killer bee stings you but does no damage.
* * * LOW HITPOINT WARNING * * *
You feel very sick. The scorpion stings you.
You die...

.#.............#
.......[.....(.#
...............#
...............#
...............#
........J.....#
......s†s.....########
......hyy@...........#
........ys>..........#####
...................<......
#..##.....(.............##
## #.....................
##$.........†.........
##.................[.
###.........†.......
#.................


You could see a black bear, 3 scorpions, a jelly and 3 killer bees.

Vanquished Creatures
  Eustachio (D:5)
  A phantom (D:4)
  A necrophage (D:4)
  A water moccasin zombie (D:4)
  A wyvern skeleton (D:4)
  The ghost of bosakos the Cudgeller, a weakling MiGl of Ru (D:4)
  2 killer bees (D:5)
  A bullfrog zombie (D:4)
  A centaur zombie (D:4)
  A jelly (D:4)
  An orc priest (D:3)
  An orc wizard (D:4)
  An iguana (D:4)
  Robin (D:3)
  4 gnolls (D:4)
  5 adders
  2 ufetubi
  3 worms
  4 dart slugs
  6 orcs
  2 bats
  3 endoplasms
  3 giant cockroaches
  14 goblins
  2 hobgoblins (D:2)
  7 jackals (D:1)
  4 kobolds
  7 quokkas
  9 ball pythons
  3 frilled lizards
  4 rats
97 creatures vanquished.

Notes
Turn   | Place    | Note
-------+----------+-------------------------------------------
     0 | D:1      | Notrik the Minotaur Fighter began the quest for the Orb.
     0 | D:1      | Reached XP level 1. HP: 19/19 MP: 0/0
    97 | D:1      | Reached XP level 2. HP: 27/27 MP: 1/1
   595 | D:1      | Reached skill level 3 in Axes
   635 | D:1      | Reached XP level 3. HP: 33/33 MP: 2/2
  1411 | D:3      | Reached skill level 4 in Axes
  1411 | D:3      | Reached XP level 4. HP: 41/41 MP: 3/3
  1493 | D:3      | Found the +1 Delatra's gloves {ID++}
  1543 | D:3      | Noticed Robin
  1546 | D:3      | Killed Robin
  1614 | D:3      | Reached skill level 5 in Fighting
  1614 | D:3      | Reached skill level 5 in Axes
  1614 | D:3      | Reached XP level 5. HP: 47/48 MP: 4/4
  1710 | D:3      | Noticed Sigmund
  1842 | D:4      | Found an opulent altar of Gozag.
  2040 | D:4      | Found Canun's Distillery.
  2062 | D:4      | Reached skill level 6 in Axes
  2175 | D:4      | Found a transporter.
  2177 | D:4      | Bought a potion of heal wounds for 65 gold pieces
  2177 | D:4      | Bought a potion of curing for 39 gold pieces
  2177 | D:4      | Noticed bosakos's ghost (weakling MiGl)
  2230 | D:4      | Reached XP level 6. HP: 43/56 MP: 5/5
  2293 | D:4      | Found a transporter.
  2741 | D:4      | Reached skill level 7 in Axes
  2743 | D:4      | Reached XP level 7. HP: 51/62 MP: 6/6
  2754 | D:4      | Killed bosakos's ghost
  2755 | D:4      | Reached skill level 5 in Shields
  2944 | D:5      | Entered Level 5 of the Dungeon
  2944 | D:5      | Noticed Eustachio
  3048 | D:5      | Killed Eustachio
  3049 | D:5      | Reached skill level 8 in Axes
  3105 | D:5      | Slain by a scorpion

Illustrated notes

Levels and vault maps discovered:
D:1:      dpeg_arrival_simpleton_c, layout_loops_corners, st_stairs_12,
          minmay_pentomino_q4
D:2:      layout_rooms
D:3:      layout_rooms, old_standard_altar, kennysheep_generic_room_8,
          uniq_sigmund, uniq_crazy_yiuf_cottage, uniq_robin
D:4:      layout_basic, nicolae_gozag_cash_rules_everything_around_me,
          serial_shops, shop, gammafunk_ghost_mausoleum, minivault_1,
          bh_walls_and_bars
D:5:      layout_rooms, uniq_grinder, uniq_eustachio

Skill      XL: |  1  2  3  4  5  6  7 |
---------------+----------------------+-----
Fighting       | 4 5 6 |  6.2
Axes           | 3 4 5 6 7 8 |  8.6
Shields        | 4 5 |  5.4
Armour         | |  3.9

Action                   |  1- 3 |  4- 6 |  7- 9 || total
-------------------------+-------+-------+-------++-------
Melee: War axe           |    71 |   113 |    33 ||   217
       Headbutt          |    11 |    14 |     3 ||    28
Armor: Scale mail        |    39 |    70 |    18 ||   127
Dodge: Dodged            |    34 |    47 |    29 ||   110
Block: Buckler           |    17 |       |       ||    17
       Kite shield       |       |    49 |    27 ||    76

Table legend: (Time is in decaauts)
 A = Elapsed time spent in this place.
 B = Non-inter-level travel time spent in this place.
 C = Inter-level travel time spent in this place.
 D = Time resting spent in this place.
 E = Time spent auto-exploring this place.
 F = Levels seen in this place.
 G = Mean time per level.
                   A        B        C        D        E       F      G
               +--------+--------+--------+--------+--------+-----+--------+
         Total |   3185 |   3000 |    185 |      0 |   2331 |   5 |  637.0 |
       Dungeon |   3185 |   3000 |    185 |      0 |   2331 |   5 |  637.0 |
               +--------+--------+--------+--------+--------+-----+--------+

Top non-repeatable levels by time:
     D:4: 1286 daAuts
     D:1: 1061 daAuts
     D:3: 362 daAuts
     D:2: 352 daAuts
     D:5: 121 daAuts
